 Dungeon Crawl Stone Soup version 0.18-b1-22-ge198996 (webtiles) character file.

59 varam the Ruffian (level 3, 32/32 HPs)
             Began as a Troll Transmuter on May 3, 2016.
             Was a Follower of Dithmenos.
             Quit the game on level 2 of the Dungeon.
             The game lasted 00:05:37 (2048 turns).

varam the Ruffian (Troll Transmuter)                Turns: 2048, Time: 00:05:38

Health: 32/32      AC:  5    Str: 19    XL:     3   Next: 78%
Magic:  5/5        EV:  9    Int:  9    God:    Dithmenos [*.....]
Gold:   58         SH:  0    Dex: 10    Spells: 2 memorised, 3 levels left

rFire  . . .     SeeInvis .       - Unarmed
rCold  . . .     Gourm    +     b - +0 robe
rNeg   . . .     Faith    .     (no shield)
rPois  .         Spirit   .     (helmet restricted)
rElec  .         Dismiss  .     (no cloak)
rCorr  .         Reflect  .     (gloves unavailable)
SustAt .         Harm     .     (boots unavailable)
MR     .....                    (no amulet)
Stlth  +.........               (no ring)
                                (no ring)

@: wreathed by umbra, not resistant to hostile enchantments, very unstealthy
A: unfitting armour, claws 3, fast metabolism 3, gourmand, regeneration 2,
shaggy fur 1, tough skin 2
a: Renounce Religion


You were on level 2 of the Dungeon.
You worshipped Dithmenos.
Dithmenos was aware of your devotion.
You were not hungry.

You visited 1 branch of the dungeon, and saw 2 of its levels.

You collected 58 gold pieces.

Inventory:

Missiles
 a - 12 arrows
Armour
 b - a +0 robe (worn)
Jewellery
 m - an uncursed ring of wizardry {unknown}
Scrolls
 e - a scroll of enchant armour {unknown}
 f - a scroll of noise {unknown}
 g - 2 scrolls of amnesia {unknown}
 i - a scroll of enchant weapon {unknown}
 k - a scroll of remove curse {unknown}
Potions
 j - a potion of lignification {unknown}
Books
 c - a book of Changes

   Spells                             Type                      Level
   a - Beastly Appendage              Transmutation                1
   b - Sticks to Snakes               Transmutation                2
   c - Spider Form                    Transmutation/Poison         3
   d - Ice Form                       Ice/Transmutation            4
   e - Blade Hands                    Transmutation                5
Comestibles
 d - 3 bread rations
 h - 2 meat rations
 l - a chunk of flesh


   Skills:
 + Level 0.8 Fighting
 + Level 1.5 Dodging
 + Level 3.0 Unarmed Combat
 - Level 2.0 Spellcasting
 - Level 2.3 Transmutations


You had 3 spell levels left.
You knew the following spells:

 Your Spells              Type           Power        Failure   Level  Hunger
a - Beastly Appendage     Trmt           #.....       14%         1    ##.....
b - Sticks to Snakes      Trmt           #.......     21%         2    ###....


Dungeon Overview and Level Annotations

Branches:
Dungeon (2/15)

Altars:
Cheibriados
Dithmenos

Annotations:
D:2 Sigmund


Innate Abilities, Weirdness & Mutations

You are too large for most types of armour.
You have claws for hands.
Your metabolism is lightning-fast.
You like to eat raw meat.
You heal very quickly.
You are covered in fur (AC +1).
You have very tough skin (AC +2).


Message History

You kill the bat!
Found 6 gold pieces.
Found a faded altar to an unknown god.
You see here a bat corpse.
You butcher the bat corpse.
l - a chunk of flesh
Found a mace.
There is a faded altar to an unknown god here.
You now have 58 gold pieces (gained 6).
m - a ruby ring You see here a mace.
There is a faded altar to an unknown god here.
Put on which piece of jewellery? (? for menu, Esc to quit)
Okay, then.
This altar will convert you to a god.
You cannot discern which.
Do you pray?
Okay, then.
This altar will convert you to a god.
You cannot discern which.
Do you pray? Dithmenos accepts your prayer! Dithmenos welcomes you!
You are shrouded in an aura of darkness!
Are you sure you want to abandon this character and quit the game? (Confirm with "yes".)

#########
#).......
####.#######.
##............
#.....######..
##..#..#
#..#@#.#
##...#..#
#.......#
#.####..# #[#
##.# #.# #...
#.# ...# #.#
#..# #.# #..#


There were no monsters in sight!

Vanquished Creatures
  2 adders (D:2)
  2 dart slugs
  A giant gecko (D:1)
  8 bats
  A giant cockroach (D:1)
  4 goblins (D:1)
  5 hobgoblins
  A quokka (D:2)
  A giant newt (D:1)
  3 kobolds
  6 rats (D:1)
34 creatures vanquished.

Notes
Turn   | Place    | Note
--------------------------------------------------------------
     0 | D:1      | varam the Troll Transmuter began the quest for the Orb.
     0 | D:1      | Reached XP level 1. HP: 18/18 MP: 1/1
   418 | D:1      | Reached XP level 2. HP: 24/26 MP: 0/3
  1412 | D:1      | Reached XP level 3. HP: 32/32 MP: 2/4
  1561 | D:1      | Learned a level 2 spell: Sticks to Snakes
  1691 | D:2      | Noticed Sigmund
  1866 | D:2      | Found a snail-covered altar of Cheibriados.
  2029 | D:2      | Found a faded altar to an unknown god.
  2048 | D:2      | Became a worshipper of Dithmenos the Shadowed
  2048 | D:2      | Reached * piety under Dithmenos
  2048 | D:2      | Quit the game

Skill      XL: |  1  2  3 |
---------------+----------+-----
Transmutations | 2 |  2.3
Spellcasting   | 2 |  2.0
Fighting       | |  0.8
Dodging        | |  1.5
Unarmed Combat | |  3.0

Action                   || total
-------------------------++-------
Melee: Unarmed           ||    99
       Headbutt          ||     3
       Kick              ||     4
       Punch             ||     1
 Cast: Beastly Appendage ||    21
  Eat: Chunk             ||    20
Armor: Robe              ||    65
Dodge: Dodged            ||    59
